 Dungeon Crawl Stone Soup version 0.17-a0-737-gf0a300a (webtiles) character file.

7270 Ngotmuk the Cleaver (level 10, -3/94 HPs)
             Began as a Deep Dwarf Fighter on Apr 26, 2015.
             Was an Initiate of Ru.
             Killed by divine providence
             ... invoked by a smoke demon
             ... summoned by a kobold demonologist
              (10 damage)
             ... on level 11 of the Dungeon.
             The game lasted 00:30:00 (8409 turns).

Ngotmuk the Cleaver (Deep Dwarf Fighter)            Turns: 8409, Time: 00:30:00

Health: -3/94      AC: 18    Str: 22    XL:     10   Next: 89%
Magic:  6/6        EV:  5    Int:  8    God:    Ru [......]
Gold:   609        SH: 12    Dex: 15    Spells: 0 memorised, 9 levels left

rFire  . . .     SeeInvis .     a - +0 war axe
rCold  . . .     Clarity  .     F - +0 plate armour
rNeg   . . .     SustAb   .     c - +0 shield
rPois  .         Gourm    .     g - +0 helmet
rElec  .         Spirit   .     b - +0 cloak
rCorr  .         Warding  .     z - +0 pair of gloves
rMut   .         Stasis   .     (no boots)
MR     +....                    u - amulet of rage
Stlth  ..........               (no ring)
                                y - +3 ring of dexterity

@: liquid flames, non-regenerating, glowing, somewhat resistant to hostile
enchantments, extremely unstealthy
A: damage resistance, recharge devices, blurry vision 1, breathe flames 1, sense
surroundings 2, slow healing 3, weak 1, no stealth
a: Device Recharging, Renounce Religion, Breathe Fire, Evoke Berserk Rage


You were on level 11 of the Dungeon.
You worshipped Ru.
Ru was noncommittal.
You were not hungry.

You visited 1 branch of the dungeon, and saw 11 of its levels.
You also visited: Ossuary.

You collected 609 gold pieces.

Inventory:

Hand weapons
 a - a +0 war axe (weapon)
Armour
 b - a +0 cloak (worn)
 c - a +0 shield (worn)
 g - a +0 helmet (worn)
 z - a +0 pair of gloves (worn)
 F - a +0 plate armour (worn)
Jewellery
 u - an amulet of rage (around neck)
 v - a cursed ring of ice
 y - a +3 ring of dexterity (left hand)
Magical devices
 e - a wand of heal wounds (7)
 l - a wand of draining (3)
Scrolls
 i - 3 scrolls of fear
 j - 4 scrolls of remove curse
 k - 3 scrolls of magic mapping
 m - 2 scrolls of teleportation
 o - a scroll of enchant weapon
 s - 5 scrolls of enchant armour
 A - a scroll of amnesia
 D - 2 scrolls of immolation
 M - a scroll of blinking
 N - a scroll of summoning
Potions
 d - a potion of might
 n - a potion of mutation {unknown}
 p - a potion of flight {unknown}
 q - a potion of invisibility {unknown}
 r - a potion of degeneration {unknown}
 B - 2 potions of brilliance {unknown}
 E - a potion of haste
 G - a potion of restore abilities {unknown}
 H - 4 potions of curing
 I - 3 potions of poison {unknown}
 J - a potion of magic {unknown}
 K - 5 potions of heal wounds {unknown}
 L - a potion of cancellation
Comestibles
 f - 9 bread rations
 h - a meat ration
 t - a slice of pizza
 P - 3 fruits


   Skills:
 + Level 7.2 Fighting
 * Level 11.3 Axes
 + Level 9.1 Armour
 + Level 9.2 Shields


You had 9 spell levels left.
You didn't know any spells.

Dungeon Overview and Level Annotations

Branches:
Dungeon (11/15)            Temple (0/1) D:4            Lair (0/8) D:9
    Orc: D:9-12

Altars:
Ashenzari
Cheibriados
Dithmenos
Fedhas
Kikubaaqudgha
Makhleb
Nemelex Xobeh
Qazlal
Ru
Trog
Zin
The Shining One

Annotations:
D:8 Pikel


Innate Abilities, Weirdness & Mutations

You are resistant to damage.
You can recharge devices by infusing magical energy.
You passively map the area around you.
You do not heal naturally.
You cannot be stealthy.
Scrolls take you a little longer to read.
You can breathe flames.
You are weak. (Str -2)


Message History

* * * LOW HITPOINT WARNING * * *
The smoke demon gestures at you. The sticky flame hits you!
You are covered in liquid flames!
* * * LOW HITPOINT WARNING * * *
You block the hellwing's attack. x2
The kobold demonologist hits you but does no damage.
The orc wizard gestures wildly while chanting.
The orc wizard seems to speed up.
The crimson imp hits you but does no damage.
You closely miss the kobold demonologist.
The kobold demonologist is severely wounded.
You slash the smoke demon!
The smoke demon is moderately wounded.
The hellwing blocks your attack.
You miss the crimson imp.
You are covered in liquid flames!
* * * LOW HITPOINT WARNING * * *
The smoke demon gestures at you. Something smites you!
You die...

* #.......#.## * .
#.#####.#... * * *..
#######.# ,#### , #...
#.......# * * *
##...##.......# *
.........####.#####.#.. ,,
.......5...##..........
,......o43K#..........#.. ,
** ,*#@#####.####### ,, * *
, #5(.....# * *#.......#
##### , ,,,* ,,
#######.####...## , , *
#......#.....## * #### *
#.##.#.......(# , #..
#.##.#......... ,
#.#*#########.............#
#######.#
#......##..###..:....##


You could see a hellwing, a kobold demonologist, a smoke demon, an orc wizard, a
crimson imp and a shadow imp.

Vanquished Creatures
  Joseph (D:7)
  A gargoyle (D:10)
  A komodo dragon (D:9)
  A troll (D:11)
  A spriggan (D:7)
  7 yaks
  Menkaure (D:7)
  A hungry ghost (D:11)
  2 ice beasts
  An eye of draining (D:8)
  2 black bears
  4 sky beasts
  5 ogres
  3 orc warriors
  2 big kobolds (D:11)
  A centaur (D:7)
  A crocodile (D:9)
  A wyvern zombie (Ossuary)
  2 giant frogs
  3 scorpions
  2 water moccasin zombies (Ossuary)
  10 killer bees (D:11)
  5 bog bodies (Ossuary)
  3 jellies
  4 giant frog zombies (Ossuary)
  7 hounds
  4 orc wizards
  3 centaur zombies (Ossuary)
  4 crimson imps
  2 centaur skeletons
  5 orc priests
  An iron imp (D:6)
  4 iguanas
  5 worker ants
  2 hound zombies (Ossuary)
  9 mummies (Ossuary)
  3 worker ant zombies (Ossuary)
  14 adders
  2 shadow imps
  6 adder zombies
  3 worms
  5 giant geckos
  17 orcs
  2 ball pythons
  13 bats
  A bat skeleton (D:5)
  4 bat zombies
  A giant cockroach (D:3)
  19 hobgoblins
  25 jackals
  A quokka (D:9)
  A giant gecko zombie (Ossuary)
  6 giant newts
  11 goblins
  2 goblin skeletons (D:6)
  5 goblin zombies
  3 hobgoblin zombies (D:6)
  2 jackal skeletons
  A jackal zombie (Ossuary)
  18 kobolds
  2 kobold skeletons (D:6)
  2 orc skeletons (D:6)
  14 rats
  A plant (D:9)
295 creatures vanquished.

Vanquished Creatures (others)
  3 plants
3 creatures vanquished.

Grand Total: 298 creatures vanquished

Notes
Turn   | Place    | Note
--------------------------------------------------------------
     0 | D:1      | Ngotmuk, the Deep Dwarf Fighter, began the quest for the Orb.
     0 | D:1      | Reached XP level 1. HP: 20/20 MP: 1/1
   219 | D:1      | Reached XP level 2. HP: 27/27 MP: 2/2
   873 | D:2      | Reached skill level 4 in Armour
   873 | D:2      | Reached XP level 3. HP: 30/33 MP: 3/3
  1317 | D:2      | Found a burning altar of Makhleb.
  1318 | D:2      | Found a bloodstained altar of Trog.
  1319 | D:2      | Found a glowing silver altar of Zin.
  1319 | D:2      | Found a sacrificial altar of Ru.
  1322 | D:2      | Found a snail-covered altar of Cheibriados.
  1322 | D:2      | Found a shattered altar of Ashenzari.
  1330 | D:2      | Became a worshipper of Ru the Awakened
  1357 | D:2      | Reached XP level 4. HP: 33/42 MP: 4/4
  1760 | D:3      | Found a bloodstained altar of Trog.
  1972 | D:3      | Reached XP level 5. HP: 23/49 MP: 5/5
  2412 | D:4      | Found a blossoming altar of Fedhas.
  2417 | D:4      | Found a stormy altar of Qazlal.
  2587 | D:4      | Reached XP level 6. HP: 25/56 MP: 6/6
  2700 | D:4      | Found a staircase to the Ecumenical Temple.
  2712 | D:4      | Reached skill level 1 in Stealth
  3041 | D:5      | Entered Level 5 of the Dungeon
  3075 | D:5      | Reached skill level 5 in Shields
  3120 | D:5      | Reached skill level 5 in Armour
  3120 | D:5      | Reached XP level 7. HP: 21/63 MP: 7/7
  3200 | D:5      | Found a blossoming altar of Fedhas.
  3310 | D:5      | Reached skill level 5 in Axes
  3904 | D:6      | Found a glowing golden altar of the Shining One.
  3950 | D:6      | Reached XP level 8. HP: 37/73 MP: 8/8
  3999 | D:6      | Reached skill level 6 in Axes
  4181 | D:6      | Found a sparkling altar of Nemelex Xobeh.
  4290 | D:6      | Gained mutation: You cannot be stealthy. [Ru sacrifice]
  4708 | D:7      | Noticed Menkaure
  4724 | D:7      | Killed Menkaure
  4724 | D:7      | Reached skill level 5 in Fighting
  4940 | D:7      | Reached skill level 7 in Axes
  4976 | D:7      | Noticed Joseph
  5015 | D:7      | Killed Joseph
  5127 | D:7      | Gained mutation: You passively map the area around you. [Deep Dwarf growth]
  5127 | D:7      | Reached XP level 9. HP: 29/81 MP: 8/8
  5171 | D:7      | Found a shadowy altar of Dithmenos.
  5425 | D:8      | Found a sand-covered staircase.
  5440 | Ossuary  | Entered an ossuary
  5472 | Ossuary  | Reached skill level 8 in Axes
  5929 | D:8      | Reached skill level 9 in Axes
  6060 | D:8      | Gained mutation: You are dopey. (Int -2) [mutagenic meat]
  6061 | D:8      | Gained mutation: Armour fits poorly on your strangely shaped body. [mutagenic meat]
  6062 | D:8      | Gained mutation: You are frail (-10% HP). [mutagenic meat]
  6251 | D:8      | Noticed Pikel
  6325 | D:9      | Lost mutation: Armour fits poorly on your strangely shaped body. [potion of cure mutation]
  6325 | D:9      | Lost mutation: You are frail (-10% HP). [potion of cure mutation]
  6325 | D:9      | Lost mutation: You are dopey. (Int -2) [potion of cure mutation]
  6422 | D:9      | Gained mutation: You can breathe flames. [mutagenic meat]
  6423 | D:9      | Gained mutation: Scrolls take you a little longer to read. [mutagenic meat]
  6425 | D:9      | Gained mutation: You are weak. (Str -2) [mutagenic meat]
  6453 | D:9      | Found a staircase to the Lair.
  6699 | D:9      | Found a bloodstained altar of Trog.
  6931 | D:9      | Reached XP level 10. HP: 67/92 MP: 8/8
  7195 | D:9      | Noticed a komodo dragon
  7369 | D:9      | HP: 4/92 [komodo dragon (17)]
  7375 | D:9      | Killed a komodo dragon
  7427 | D:10     | Entered Level 10 of the Dungeon
  7524 | D:10     | Found an ancient bone altar of Kikubaaqudgha.
  7618 | D:10     | Reached skill level 10 in Axes
  8152 | D:11     | Reached skill level 11 in Axes
  8179 | D:11     | HP: 5/141 [poisoned by a killer bee]
  8409 | D:11     | Killed from afar by a smoke demon

Action                   |  1- 3 |  4- 6 |  7- 9 | 10-12 || total
-------------------------+-------+-------+-------+-------++-------
Melee: War axe           |   135 |   252 |   587 |   301 ||  1275
Invok: Reject Sacrifices |       |     1 |     1 |       ||     2
       Sacrifice Stealth |       |       |     1 |       ||     1
 Abil: Device Recharging |       |       |     2 |     2 ||     4
       Breathe Fire      |       |       |     2 |       ||     2
Evoke: Wand              |       |     5 |    14 |    14 ||    33
  Use: Scroll            |       |     4 |    14 |     3 ||    21
       Potion            |       |       |     1 |     2 ||     3
  Eat: Bread ration      |     1 |       |       |       ||     1
       Royal jelly       |       |     2 |       |       ||     2
       Pizza             |       |       |     1 |       ||     1
       Meat ration       |       |       |     2 |     2 ||     4
       Beef jerky        |       |       |     1 |       ||     1
       Chunk             |       |       |     7 |       ||     7
